 Dungeon Crawl Stone Soup version 0.17-a0-1115-g0372368 (webtiles) character file.

123680 RobertPalmer the Shatterer (level 16, -4/174 HPs)
             Began as an Ogre Chaos Knight on May 22, 2015.
             Slain by an ettin
             ... wielding a +0 dire flail
              (35 damage)
             ... on level 15 of the Dungeon.
             The game lasted 01:15:24 (28847 turns).

RobertPalmer the Shatterer (Ogre Chaos Knight)     Turns: 28847, Time: 01:15:24

Health: -4/174     AC: 24    Str: 21      XL:     16   Next: 91%
Magic:  0/16       EV: 12    Int: 16      God:    Xom [*.....]
Gold:   2322       SH:  0    Dex: 11 (12) Spells: 2 memorised, 3 levels left

rFire  . . .     SeeInvis .     a - +5 giant club (chaos)
rCold  + + .     Clarity  .     E - +4 ice dragon armour {rC++, rF-}
rNeg   . . .     SustAt   .     (no shield)
rPois  .         Gourm    .     y - +2 hat
rElec  .         Spirit   +     C - +0 cloak
rCorr  .         Warding  .     (gloves unavailable)
rMut   .         Stasis   .     (boots unavailable)
MR     ++...                    m - amulet of guardian spirit {Spirit}
Stlth  ..........               N - ring of protection from magic {MR+, !d}
                                F - +3 ring of dexterity

@: very resistant to hostile enchantments, extremely unstealthy
A: unfitting armour, molten scales 1, deterioration 1, fire resistance 1,
screaming 1, shaggy fur 1, slow healing 1, spit poison 1, tough skin 1
a: Spit Poison, Renounce Religion


You were on level 15 of the Dungeon.
You worshipped Xom.
You were a special plaything of Xom.
You were not hungry.

You visited 3 branches of the dungeon, and saw 27 of its levels.
You also visited: Ice Cave.

You collected 2833 gold pieces.
You spent 511 gold pieces at shops.

Inventory:

Hand weapons
 a - a +5 giant club of chaos (weapon)
   (You took it off a hill giant on level 13 of the Dungeon)
 b - a +7 giant spiked club
   (You bought it in a shop on level 7 of the Dungeon)
 A - a +0 blowgun
   (You took it off a kobold on level 3 of the Dungeon)
Missiles
 i - 3 throwing nets {=f, !d}
 q - 145 poisoned needles
 U - 4 curare-tipped needles
Armour
 y - a +2 hat (worn)
   (You took it off Gastronok on level 8 of the Dungeon)
 C - a +0 cloak (worn)
   (You took it off Crazy Yiuf on level 7 of the Dungeon)
 E - a +4 ice dragon armour (worn) {rC++, rF-}
   (You acquired it on level 7 of the Dungeon)
 P - a +2 fire dragon armour {rF++, rC-}
   (You found it in an ice cave)
Jewellery
 m - an amulet of guardian spirit (around neck) {Spirit}
   (You found it on level 5 of the Dungeon)
 u - an uncursed ring of sustain attributes
   (You found it on level 9 of the Dungeon)
 v - the ring of Poeboq {+Inv +Fly rN+ MP+9 Dex-5}
   (You found it on level 5 of the Lair of Beasts)

   [ring of flight]

   It affects your dexterity (-5).
   It protects you from negative energy.
   It affects your magic capacity (+9).
   It lets you turn invisible.
   It lets you fly.
 F - a +3 ring of dexterity (left hand)
   (You found it on level 7 of the Dungeon)
 K - an uncursed amulet of resist mutation {rMut, !d}
   (You found it on level 14 of the Dungeon)
 N - a ring of protection from magic (right hand) {MR+, !d}
   (You found it on level 5 of the Lair of Beasts)
Magical devices
 k - a wand of teleportation (0)
   (You took it off Terence on level 2 of the Dungeon)
 x - a wand of teleportation (8)
   (You found it on level 10 of the Dungeon)
 R - a wand of polymorph (2)
   (You took it off an orc warrior on level 4 of the Orcish Mines)
 V - a wand of digging (8)
   (You found it on level 8 of the Lair of Beasts)
 W - a wand of enslavement (13)
   (You found it on level 4 of the Orcish Mines)
Scrolls
 o - 4 scrolls of recharging
 p - 2 scrolls of magic mapping {!r}
 G - 5 scrolls of amnesia
 I - 6 scrolls of teleportation
 J - 6 scrolls of remove curse
 Z - a scroll of holy word {!r}
Potions
 d - 5 potions of haste
 f - 3 potions of might
 h - 5 potions of curing
 j - 3 potions of brilliance
 l - a potion of flight
 s - 3 potions of agility
 t - 3 potions of lignification {!q}
 z - 2 potions of magic
 H - 2 potions of mutation {!q}
 L - 2 potions of resistance
 Y - a potion of cancellation
Books
 O - an Akashic Record {highlevel, unknown}
   (You found it on level 8 of the Lair of Beasts)
Miscellaneous
 B - a fan of gales
   (You found it on level 11 of the Dungeon)
 D - a lamp of fire
   (You found it on level 7 of the Lair of Beasts)
 Q - a sack of spiders {used: 5}
   (You found it in an ice cave)
 X - a phantom mirror
Comestibles
 c - 14 bread rations {@e1}
 g - 3 chunks of flesh {@w0}
 n - 4 slices of pizza
 r - 11 meat rations {@e2}
 w - a beef jerky
 T - 4 fruits


   Skills:
 - Level 14.7 Fighting
 - Level 24.0 Maces & Flails
 - Level 11.1 Armour
 + Level 12.5 Dodging


You had 3 spell levels left.
You knew the following spells:

 Your Spells              Type           Power        Failure   Level  Hunger
d - Deflect Missiles      Chrm/Air       #.........   100%        6    #######
h - Haste                 Chrm           #.......     100%        6    #######


Dungeon Overview and Level Annotations

Branches:
Dungeon (15/15)            Temple (0/1) D:7            Lair (8/8) D:11
 Shoals (0/4) Lair:3        Snake (0/4) Lair:3        Slime (0/6) Lair:7
    Orc (4/4) D:10            Elf (0/3) Orc:4        Vaults (0/5) D:13
 Depths (0/5) D:15

Altars:
Cheibriados
Dithmenos
Gozag
Nemelex Xobeh
Qazlal
Ru
Sif Muna
Trog
Xom
Yredelemnul
The Shining One
Beogh
Jiyva

Shops:
D:7 (   D:12 (   Orc:1 :   Orc:4 !![}


Innate Abilities, Weirdness & Mutations

You are too large for most types of armour.
You have tough skin (AC +1).
You are partially covered in molten scales (AC +1).
Your body sometimes deteriorates upon taking damage.
Your flesh is heat resistant.
You occasionally shout uncontrollably at your foes.
You are covered in fur (AC +1).
You heal slowly when monsters are visible.
You can spit weak poison.


Message History

You beat the deep troll like a drum!!!
There is a sudden explosion of sparks!
You kill the deep troll!
You regained 3 hp, and now have 89/174 hp.
You regained 2 hp, and now have 91/174 hp.
You regained 2 hp, and now have 93/174 hp.
You feel less invigorated.
You feel less confused.
You regained 2 hp, and now have 95/174 hp.
You are feeling very hungry.
Things that are here:
a short sword; an elf corpse You butcher the elf corpse.
g - 4 chunks of flesh {@w0} You see here a short sword.
Your extra speed is starting to run out.
You start resting.
Eating one of 4 chunks of flesh {@w0}.
You continue eating. x2
You feel yourself slow down.
You regained 2 hp, and now have 100/174 hp.
Unknown command.
You see here a short sword.
A tengu warrior comes into view. It is wielding a great sword.
You regained 4 hp, and now have 104/174 hp.
A tengu warrior is nearby!
A tengu warrior is nearby!
A tengu warrior is nearby!
A tengu warrior is nearby!
Unknown command.
A tengu warrior is nearby!
The tengu warrior shouts! "Have a taste of chaos, mortal."
The tengu warrior's great sword is briefly surrounded by a scintillating aura of random colours.
The tengu warrior hits you but does no damage.
The tengu warrior pecks you but does no damage.
The tengu warrior claws you but does no damage.
You closely miss the tengu warrior. You hit the tengu warrior.
The tengu warrior hits you with a great sword of chaos.
The tengu warrior misses you.
The tengu warrior claws you but does no damage.
You take 5 damage, and have 99/174 hp.
You now have 15/16 mp.
You miss the tengu warrior.
You feel a little less agile now.
You bludgeon the tengu warrior!!
Space bends around the tengu warrior.
The tengu warrior hits you with a great sword of chaos!
The tengu warrior pecks you but does no damage.
The tengu warrior claws you but does no damage.
You take 8 damage, and have 91/174 hp.
You now have 14/16 mp.
You hit the tengu warrior. You burn the tengu warrior.
Unknown command.
You hit the tengu warrior. You drain the tengu warrior!
The tengu warrior barely misses you. The tengu warrior misses you.
The tengu warrior misses you.
You sock the tengu warrior! You freeze the tengu warrior.
You kill the tengu warrior!
You feel your intelligence returning.
Unknown command.
You now have 2322 gold pieces (gained 4).
Things that are here:
a great sword of chaos; a leather armour; a tengu corpse You start resting.
Your magical contamination has completely faded away.
You regained 10 hp, and now have 102/174 hp.
MP restored: 16 You start resting.
You regained 11 hp, and now have 113/174 hp.
An ettin is nearby!
Unknown command.
Found a warped broad axe.
Found a sacrificial altar of Ru.
The ettin shouts in stereo!
An ettin is nearby!
Your ice dragon armour prevents you from hitting the ettin.
The ettin hits you with a dire flail!! The ettin completely misses you.
You take 22 damage, and have 93/174 hp.
You now have 13/16 mp.
You hit the ettin. You burn the ettin.
Unknown command.
You hit the ettin. The ettin hits you with a dire flail.
The ettin hits you with a great mace!
You take 14 damage, and have 79/174 hp.
You now have 12/16 mp.
You bludgeon the ettin!!
The ettin seems to dim momentarily.
Unknown command.
You hit the ettin but do no damage.
The ettin flickers and vanishes!
Deactivating autopickup; reactivate with Ctrl-A.
Something hits you. Something barely misses you.
You take 5 damage, and have 74/174 hp.
You now have 11/16 mp.
You bludgeon something!! Something hits you!!
* * * LOW HITPOINT WARNING * * *
Something hits you!!
* * * LOW HITPOINT WARNING * * *
Your body deteriorates!
You feel clumsy.
You take 43 damage, and have 31/174 hp.
MASSIVE DAMAGE!!
You now have 4/16 mp.
Read which item? (? for menu, Esc to quit)
Okay, then.
Drink which item? (? for menu, Esc to quit)
Okay, then.
Something hits you but does no damage. Something hits you!!!
You die...

#...#.##....# ._.≈
#.....##.#..#≈...≈
#...#⌠..#.......#.≈≈≈.
#...####.####.#.#.....
#.......#..>#.#..#...#
#.....#.)...#)#...#
#.....#.#...#....#.#
#.....#).#.#.#.#.##.#
#.)...#..(((#...@# ##
#..†..#####.#..{.#
#.<.....C.C.#...##
#.......#########
#.......# #.......#
#.......# #.......#
#.......#


There were no monsters in sight!

Vanquished Creatures
  Saint Roka (Orc:4)
  Gastronok (D:8)
  A frost giant (IceCv)
  A frost giant (shapeshifter) (D:12)
  A stone giant (Orc:4)
  Azrael (Orc:4)
  3 vault guards (D:13)
  Snorg (D:12)
  The ghost of WhatIsLove the Carver, a powerful DrWr of Vehumet (D:14)
  An ettin (Orc:4)
  A minotaur (Lair:4)
  4 hydras
  2 centaur warriors
  12 death yaks
  2 tengu warriors
  8 orc high priests
  A fire crab (Lair:6)
  A deep elf knight (D:15)
  3 unseen horrors
  A deep troll (D:15)
  8 hill giants
  A lindwurm (Lair:1)
  4 orc knights
  A wolf spider zombie (D:15)
  5 griffons
  2 wolf spiders (Lair:8)
  2 manticores
  2 cyclopes
  21 elephants
  5 ugly things
  A guardian serpent (Lair:8)
  2 centaur zombies
  Maurice (D:10)
  10 black mambas
  A black mamba (shapeshifter) (D:14)
  5 orc sorcerers
  A siren (Lair:3)
  Psyche (D:8)
  22 spiny frogs
  4 fire drakes
  An efreet (D:14)
  2 gargoyles (D:13)
  A tengu conjurer (D:13)
  5 komodo dragons
  The ghost of Baka the Firebug, an experienced DEFE of Vehumet (D:7)
  12 trolls
  11 polar bears
  A fire vortex (D:2)
  Prince Ribbit (D:6)
  5 two-headed ogres
  2 boulder beetles
  2 ravens
  14 blink frogs
  A wraith (D:14)
  A deep elf fighter (D:11)
  4 basilisks
  2 fire elementals (Orc:4)
  3 wyverns
  71 yaks
  Grum (D:8)
  12 hippogriffs
  2 hungry ghosts
  4 vampire mosquitoes
  32 wolves
  4 wargs
  A mottled dragon (D:12)
  8 porcupines
  5 hell hounds
  2 soldier ants
  A soldier ant (shapeshifter) (D:14)
  Duvessa (D:5)
  19 water moccasins
  A swamp drake (D:10)
  9 ice beasts
  A necrophage (D:11)
  4 spiders (Lair:8)
  An eye of draining (D:14)
  5 sky beasts
  4 black bears
  50 orc warriors
  19 ogres
  A phantom (D:6)
  13 centaurs
  2 wasps (Lair:8)
  12 crocodiles
  Blork the orc (D:6)
  6 big kobolds
  19 giant frogs
  A wyvern zombie (D:11)
  A gnoll sergeant (D:6)
  A wyvern skeleton (D:14)
  3 scorpions
  A water moccasin skeleton (D:9)
  25 killer bees
  An electric eel (Lair:3)
  5 wights (D:11)
  4 jellies
  6 crimson imps
  A quasit (D:8)
  8 hounds
  36 orc priests
  Crazy Yiuf (D:7)
  2 giant frog skeletons
  31 orc wizards
  3 centaur skeletons
  Terence (D:2)
  11 iguanas
  8 worker ants
  8 sheep
  A hound zombie (D:9)
  A hound skeleton (D:6)
  A mummy (D:8)
  A worker ant zombie (D:7)
  8 gnolls
  51 river rats
  18 adders
  2 shadow imps
  An ooze (D:2)
  A worm (D:4)
  2 adder skeletons
  8 giant geckos
  266 orcs
  37 bats
  2 bat skeletons
  28 goblins
  23 hobgoblins
  41 kobolds
  5 quokkas
  A ball python (D:8)
  8 giant cockroaches
  A giant gecko skeleton (D:7)
  3 giant newts
  2 jackals (D:4)
  A quokka zombie (D:7)
  28 rats
  4 fungi
1229 creatures vanquished.

Vanquished Creatures (collateral kills)
  A vault guard (D:13)
  A spiny frog (Lair:2)
  2 fire drakes
  A hippogriff (D:9)
  A phantom (D:13)
  3 orc warriors
  A giant frog (D:13)
  A crimson imp (D:12)
  2 orc wizards (D:13)
  A sheep (D:12)
  A worker ant (D:4)
  5 orcs
  A goblin (Orc:4)
  A kobold (D:8)
22 creatures vanquished.

Vanquished Creatures (others)
  A death yak (IceCv)
  An elephant (Lair:5)
  3 polar bears (IceCv)
  A wyvern (shapeshifter) (D:12)
  4 ball lightnings
  3 yaks (IceCv)
  5 wolves (IceCv)
  A porcupine (D:12)
  4 spiders (D:12)
  The ghost of DEFE the Skirmisher, an average TeWn of Ashenzari (D:3)
  A giant frog (Lair:6)
  A scorpion (D:12)
  2 orc wizards (Orc:4)
  3 white imps
  2 orcs (Orc:4)
  A bush (Lair:6)
  4 butterflies
  13 fungi
  5 plants (Lair:8)
56 creatures vanquished.

Grand Total: 1307 creatures vanquished

Notes
Turn   | Place    | Note
--------------------------------------------------------------
     0 | D:1      | RobertPalmer the Ogre Chaos Knight began the quest for the Orb.
     0 | D:1      | Reached XP level 1. HP: 24/24 MP: 1/1
   111 | D:1      | XOM: divination: magic mapping
   252 | D:1      | XOM: harmless Tloc miscast
   444 | D:1      | Reached XP level 2. HP: 32/32 MP: 2/2
   446 | D:1      | XOM: divination: detect items
   540 | D:2      | Noticed Terence
   569 | D:2      | XOM: potion effect (berserk rage)
   571 | D:2      | XOM: harmless Conj miscast
   574 | D:2      | Killed Terence
   574 | D:2      | Reached skill level 5 in Maces & Flails
   574 | D:2      | Reached XP level 3. HP: 39/39 MP: 3/3
   733 | D:2      | Reached skill level 6 in Maces & Flails
   765 | D:2      | Reached XP level 4. HP: 34/48 MP: 4/4
   911 | D:2      | XOM: harmless Air miscast
  1036 | D:2      | XOM: mild Fire miscast
  1037 | D:2      | Noticed a fire vortex
  1043 | D:2      | Killed a fire vortex
  1126 | D:3      | Killed DEFE's ghost
  1186 | D:3      | Found a stormy altar of Qazlal.
  1212 | D:3      | Reached skill level 7 in Maces & Flails
  1321 | D:3      | XOM: harmless Trmt miscast
  1325 | D:3      | XOM: summons 2 hostile demons
  1415 | D:3      | Found a deep blue altar of Sif Muna.
  1547 | D:3      | Reached XP level 5. HP: 52/54 MP: 5/5
  1573 | D:3      | XOM: give mutations
  1573 | D:3      | Gained mutation: You are frail (-10% HP). [Xom's mischief]
  1573 | D:3      | Gained mutation: Your body sometimes deteriorates upon taking damage. [Xom's mischief]
  1573 | D:3      | Gained mutation: Your body often deteriorates upon taking damage. [Xom's mischief]
  1583 | D:3      | HP: 9/48 [orc wizard/dagger (5)]
  1601 | D:3      | HP: 10/48 [orc/mace (2)]
  1606 | D:2      | HP: 4/48 [orc/mace (6)]
  1948 | D:3      | XOM: scenery: create altars
  2275 | D:4      | Reached skill level 8 in Maces & Flails
  2302 | D:4      | XOM: silly message
  2336 | D:4      | Got a polished mace
  2337 | D:4      | Identified the cursed +1 mace "Cumpin" {crush, Dex+4} (You found it on level 4 of the Dungeon)
  2693 | D:4      | Reached XP level 6. HP: 55/55 MP: 6/6
  3127 | D:5      | Entered Level 5 of the Dungeon
  3224 | D:5      | XOM: noise
  3233 | D:5      | HP: 11/55 [sky beast (5)]
  3235 | D:5      | Reached skill level 9 in Maces & Flails
  3236 | D:5      | Noticed Duvessa
  3237 | D:5      | XOM: enchant monster (bad)
  3240 | D:5      | XOM: confuse monster(s)
  3269 | D:4      | Gained mutation: You occasionally shout uncontrollably at your foes. [mutagenic meat]
  3270 | D:4      | Gained mutation: You passively map a small area around you. [mutagenic meat]
  3271 | D:4      | Gained mutation: You evolve. [mutagenic meat]
  3272 | D:4      | Gained mutation: You are partially covered in yellow scales (AC +2). [mutagenic meat]
  3273 | D:4      | Gained mutation: Your flesh is heat resistant. [mutagenic meat]
  3274 | D:4      | Gained mutation: You heal slowly when monsters are visible. [mutagenic meat]
  3341 | D:5      | Noticed Dowan
  3341 | D:5      | Noticed Dowan
  3341 | D:5      | Dowan changed into Dowan the gnoll
  3341 | D:5      | XOM: polymorph Dowan -> Dowan the gnoll
  3356 | D:5      | Killed Duvessa
  3356 | D:5      | Reached skill level 10 in Maces & Flails
  3356 | D:5      | Reached XP level 7. HP: 50/63 MP: 5/7
  3358 | D:5      | Dowan the gnoll changed into Dowan the giant cockroach
  3358 | D:5      | XOM: polymorph Dowan the gnoll -> Dowan the giant cockroach
  3501 | D:5      | XOM: scenery: 1 doors open
  3613 | D:4      | XOM: smoke on damage
  3617 | D:4      | XOM: summons 4 friendly demons
  3693 | D:4      | XOM: polymorph ogre -> soldier ant
  3706 | D:4      | Reached skill level 11 in Maces & Flails
  4220 | D:5      | XOM: summons 5 friendly demons
  4409 | D:5      | Reached XP level 8. HP: 58/70 MP: 5/8
  4527 | D:5      | XOM: vitrification
  4586 | D:6      | XOM: vitrification
  4588 | D:6      | Reached skill level 12 in Maces & Flails
  4720 | D:6      | Noticed Blork the orc
  4733 | D:6      | Killed Blork the orc
  4860 | D:6      | Noticed Prince Ribbit
  4862 | D:6      | XOM: god gift: 3 exploding tomahawks
  4865 | D:6      | XOM: give mutation
  4865 | D:6      | Gained mutation: Your mind is acute. (Int +2) [Xom's grace]
  4866 | D:6      | XOM: swap monsters
  5149 | D:6      | XOM: divination: magic mapping
  5152 | D:6      | Reached skill level 13 in Maces & Flails
  5211 | D:6      | XOM: cast spell 'Discord'
  5220 | D:6      | Killed Prince Ribbit
  5326 | D:6      | XOM: scenery: create altars
  5375 | D:6      | Reached skill level 14 in Maces & Flails
  5523 | D:6      | Reached XP level 9. HP: 75/75 MP: 9/9
  5527 | D:6      | XOM: confuse monster(s)
  5628 | D:7      | XOM: divination: detect items
  5696 | D:7      | Found an opulent altar of Gozag.
  5744 | D:7      | Noticed Crazy Yiuf
  5749 | D:7      | Killed Crazy Yiuf
  5759 | D:7      | Got a polished hammer
  5760 | D:7      | Identified the cursed +1 hammer "Lukkiwk" {speed, MR+} (You found it on level 7 of the Dungeon)
  5781 | D:7      | Noticed Baka's ghost (experienced DEFE)
  5791 | D:7      | Killed Baka's ghost
  5791 | D:7      | Reached skill level 15 in Maces & Flails
  5804 | D:7      | XOM: potion effect (experience)
  5804 | D:7      | Reached skill level 14 in Fighting
  5804 | D:7      | Reached XP level 10. HP: 43/110 MP: 10/10
  5998 | D:7      | XOM: mild Pois miscast
  6017 | D:7      | Got an ichor-stained hammer
  6018 | D:7      | Identified the +10 hammer of Watchfulness {crush, rPois MR- Str-2 Int+9} (You found it on level 7 of the Dungeon)
  6023 | D:7      | XOM: medium Trmt miscast
  6141 | D:7      | XOM: 2-stop teleportation journey
  6251 | D:7      | Found a staircase to the Ecumenical Temple.
  6362 | D:7      | XOM: potion effect (agility)
  6367 | D:7      | XOM: potion effect (magic)
  6373 | D:7      | Identified a scroll of acquirement
  6468 | D:7      | XOM: potion effect (brilliance)
  6475 | D:7      | XOM: silly message
  6608 | D:7      | Found a basalt altar of Yredelemnul.
  6630 | D:7      | Found Gegoul's Antique Weapon Shoppe.
  6638 | D:7      | Bought a runed giant spiked club for 53 gold pieces
  6644 | D:7      | Found a bloodstained altar of Trog.
  6686 | D:7      | Reached skill level 1 in Armour
  6698 | D:7      | Lost mutation: Your body often deteriorates upon taking damage. [evolution]
  6698 | D:7      | Lost mutation: You evolve. [end of evolution]
  6705 | D:7      | XOM: mild Tloc miscast
  6801 | D:7      | Reached skill level 2 in Armour
  6883 | D:7      | XOM: harmless Hex miscast
  6950 | D:8      | Found a snail-covered altar of Cheibriados.
  6992 | D:8      | Reached skill level 3 in Armour
  7037 | D:8      | Reached XP level 11. HP: 86/117 MP: 9/11
  7069 | D:8      | Found a glowing golden altar of the Shining One.
  7089 | D:8      | Noticed Gastronok
  7094 | D:8      | Noticed Grum
  7127 | D:8      | Killed Grum
  7164 | D:8      | XOM: cast spell 'Metabolic Englaciation'
  7177 | D:8      | XOM: silly message
  7179 | D:8      | Reached skill level 4 in Armour
  7189 | D:8      | XOM: divination: detect creatures
  7235 | D:8      | XOM: mild Chrm miscast
  7295 | D:8      | Noticed Psyche
  7302 | D:8      | Killed Psyche
  7316 | D:8      | Reached skill level 5 in Armour
  7320 | D:8      | XOM: colour smoke trail
  7397 | D:8      | XOM: summons friendly white imp
  7401 | D:8      | Killed Gastronok
  7401 | D:8      | Reached skill level 6 in Armour
  7573 | D:8      | Found a sparkling altar of Nemelex Xobeh.
  7591 | D:8      | XOM: divination: detect creatures
  7614 | D:8      | XOM: enchant monster (good)
  7721 | D:9      | XOM: harmless Air miscast
  7735 | D:9      | XOM: enchant monster (good)
  7840 | D:9      | Reached skill level 7 in Armour
  7858 | D:9      | XOM: chaos upgrade
  8048 | D:9      | You fall through a shaft!
  8048 | D:10     | Entered Level 10 of the Dungeon
  8123 | D:10     | XOM: give mutations
  8123 | D:10     | Gained mutation: You are weak. (Str -2) [Xom's mischief]
  8123 | D:10     | Gained mutation: You do not heal naturally when monsters are visible. [Xom's mischief]
  8337 | D:10     | Noticed Maurice
  8338 | D:10     | XOM: smoke on damage
  8349 | D:10     | Killed Maurice
  8351 | D:10     | XOM: medium Divn miscast
  8387 | D:10     | Found a shadowy altar of Dithmenos.
  8407 | D:10     | XOM: 2-stop teleportation journey
  8417 | D:10     | Reached skill level 8 in Armour
  8508 | D:10     | Found a staircase to the Orcish Mines.
  8722 | D:10     | XOM: colour smoke trail
  8812 | D:10     | XOM: mild Pois miscast
  9089 | D:10     | XOM: god gift: shiny scale mail {god gift}
  9501 | D:11     | XOM: enchant monster (bad)
  9512 | D:11     | Reached XP level 12. HP: 107/126 MP: 12/12
  9584 | D:11     | XOM: mild Pois miscast
  9627 | D:11     | Reached skill level 9 in Armour
  9630 | D:11     | XOM: mild Chrm miscast
  9720 | D:11     | XOM: enchant monster (bad)
  9728 | D:11     | Lost mutation: You are weak. (Str -2) [potion of cure mutation]
  9728 | D:11     | Lost mutation: Your body sometimes deteriorates upon taking damage. [potion of cure mutation]
  9728 | D:11     | Lost mutation: You are frail (-10% HP). [potion of cure mutation]
  9728 | D:11     | Lost mutation: You do not heal naturally when monsters are visible. [potion of cure mutation]
  9728 | D:11     | Lost mutation: Your mind is acute. (Int +2) [potion of cure mutation]
  9760 | D:11     | XOM: fake destruction
  9812 | D:11     | XOM: vitrification
 10010 | D:11     | Found a staircase to the Lair.
 10139 | D:11     | XOM: destruction
 10141 | D:11     | XOM: enchant monster (good)
 10223 | D:12     | XOM: polymorph something unseen -> jelly
 10245 | D:12     | Found Zewuukox's Weapon Shop.
 10257 | D:12     | Reached skill level 10 in Armour
 10268 | D:12     | XOM: swap monsters
 10292 | D:12     | XOM: potion effect (berserk rage)
 10415 | D:12     | Noticed Snorg
 10415 | D:12     | XOM: silly message
 10418 | D:12     | XOM: potion effect (invisibility)
 10422 | D:12     | Killed Snorg
 10453 | D:12     | Found a frozen archway.
 10453 | D:12     | XOM: potion effect (invisibility)
 10455 | D:12     | Noticed a seven-headed hydra
 10460 | D:12     | XOM: vitrification
 10462 | D:12     | Killed a seven-headed hydra
 10464 | D:12     | Reached skill level 11 in Armour
 10487 | IceCv    | Entered an ice cave
 10524 | IceCv    | Reached skill level 3 in Dodging
 10704 | IceCv    | XOM: confuse monster(s)
 10723 | IceCv    | Reached skill level 4 in Dodging
 10752 | IceCv    | Reached XP level 13. HP: 83/148 MP: 11/13
 10782 | IceCv    | XOM: give mutations
 10782 | IceCv    | Gained mutation: You passively map the area around you. [Xom's grace]
 10782 | IceCv    | Gained mutation: You are covered in fur (AC +1). [Xom's grace]
 10798 | IceCv    | Reached skill level 5 in Dodging
 10828 | IceCv    | XOM: colour smoke trail
 10930 | IceCv    | XOM: give mutations
 10930 | IceCv    | Lost mutation: You are partially covered in yellow scales (AC +2). [Xom's mischief]
 10930 | IceCv    | Gained mutation: You are weak. (Str -2) [Xom's mischief]
 10930 | IceCv    | Lost mutation: You passively map the area around you. [Xom's mischief]
 10930 | IceCv    | Lost mutation: You are weak. (Str -2) [Xom's mischief]
 10949 | IceCv    | XOM: polymorph polar bear -> raven
 10962 | IceCv    | XOM: enchant monster (bad)
 11029 | IceCv    | XOM: summons 3 hostile shadow creatures
 11039 | IceCv    | XOM: give mutations
 11039 | IceCv    | Lost mutation: You passively map a small area around you. [Xom's mischief]
 11039 | IceCv    | Gained mutation: Armour fits poorly on your strangely shaped body. [Xom's mischief]
 11039 | IceCv    | Lost mutation: Armour fits poorly on your strangely shaped body. [Xom's mischief]
 11377 | IceCv    | Reached skill level 6 in Dodging
 11413 | IceCv    | Killed a death yak
 11462 | IceCv    | Noticed a frost giant
 11470 | IceCv    | Killed a frost giant
 11684 | D:12     | Noticed Rupert
 11687 | D:12     | XOM: silly message
 11690 | D:12     | XOM: chaos cloud
 11699 | D:12     | Noticed Rupert
 11699 | D:12     | Rupert changed into Rupert the stone giant
 11702 | D:12     | Noticed Rupert
 11702 | D:12     | Rupert the stone giant changed into Rupert the dire elephant
 11710 | D:12     | Noticed Rupert
 11710 | D:12     | Rupert the dire elephant changed into Rupert the sphinx
 11712 | D:12     | Noticed Rupert
 11712 | D:12     | Rupert the sphinx changed into Rupert the frost giant
 11717 | D:12     | XOM: silly message
 11721 | D:12     | Killed Rupert the frost giant
 11721 | D:12     | Reached skill level 7 in Dodging
 11932 | D:13     | Found a gate to the Vaults.
 11932 | D:13     | Noticed a vault guard
 11932 | D:13     | Noticed a vault guard
 11932 | D:13     | Noticed a vault guard
 11940 | D:13     | Noticed a vault guard
 11942 | D:13     | Killed a vault guard
 11965 | D:13     | Reached skill level 8 in Dodging
 11968 | D:13     | Killed a vault guard
 11973 | D:13     | Killed a vault guard
 12006 | D:13     | Killed a vault guard
 12370 | D:13     | XOM: noise
 12490 | D:13     | Reached skill level 9 in Dodging
 12521 | D:13     | XOM: blink monster(s)
 12570 | D:13     | XOM: enchant monster (bad)
 12664 | D:13     | XOM: chaos upgrade
 12665 | D:13     | XOM: chaos cloud
 12987 | D:13     | XOM: give mutations
 12987 | D:13     | Gained mutation: You are agile. (Dex +2) [Xom's mischief]
 12987 | D:13     | Lost mutation: You are agile. (Dex +2) [Xom's mischief]
 13133 | D:13     | XOM: medium Erth miscast
 13151 | D:13     | Reached skill level 10 in Dodging
 13680 | D:13     | Reached skill level 16 in Maces & Flails
 13814 | D:13     | XOM: divination: detect creatures
 13911 | D:13     | Reached XP level 14. HP: 103/157 MP: 11/14
 13952 | D:13     | XOM: mild Summ miscast
 13956 | D:13     | XOM: harmless Summ miscast
 13961 | D:13     | XOM: confuse monster(s)
 13963 | D:13     | XOM: potion effect (agility)
 14218 | Lair:1   | Entered Level 1 of the Lair of Beasts
 14313 | Lair:1   | You fall through a shaft!
 14443 | Lair:2   | Reached skill level 17 in Maces & Flails
 14530 | Lair:2   | XOM: cast spell 'Metabolic Englaciation'
 14578 | Lair:2   | XOM: confusion (+ monsters)
 14912 | Lair:2   | XOM: medium Air miscast
 15004 | Lair:2   | XOM: torment (86/157 hp)
 15053 | Lair:3   | Found a staircase to the Snake Pit.
 15547 | Lair:3   | XOM: vitrification
 15623 | Lair:3   | Found a staircase to the Shoals.
 15723 | Lair:3   | XOM: enchant monster (good)
 15779 | Lair:3   | XOM: god gift: 10 gold pieces
 15843 | Lair:3   | XOM: destruction
 15849 | Lair:3   | Reached skill level 18 in Maces & Flails
 15991 | Lair:3   | XOM: vitrification
 16115 | Lair:4   | XOM: give mutations
 16115 | Lair:4   | Gained mutation: You can spit weak poison. [Xom's mischief]
 16115 | Lair:4   | Lost mutation: You occasionally shout uncontrollably at your foes. [Xom's mischief]
 16417 | Lair:4   | XOM: confuse monster(s)
 16432 | Lair:4   | XOM: confuse monster(s)
 16485 | Lair:4   | XOM: polymorph six-headed hydra -> minotaur
 16650 | Lair:4   | XOM: fake destruction
 16843 | Lair:4   | XOM: harmless Air miscast
 16950 | Lair:4   | XOM: harmless Trmt miscast
 16964 | Lair:4   | Reached skill level 19 in Maces & Flails
 17396 | Lair:4   | XOM: potion effect (haste)
 17452 | Lair:5   | Got a bound steel ring
 17453 | Lair:5   | Identified the ring of Poeboq {+Inv +Fly rN+ MP+9 Dex-5} (You found it on level 5 of the Lair of Beasts)
 17469 | Lair:5   | XOM: blink monster(s)
 17515 | Lair:5   | XOM: confusion (+ monsters)
 17558 | Lair:5   | XOM: chaos cloud
 17561 | Lair:5   | Paralysed by you for 4 turns
 17567 | Lair:5   | XOM: 1-stop teleportation journey
 17575 | Lair:5   | XOM: chaos cloud
 17606 | Lair:5   | XOM: silly message
 17637 | Lair:5   | XOM: summons 1 friendly demon
 17647 | Lair:5   | Reached skill level 20 in Maces & Flails
 17706 | Lair:5   | XOM: divination: detect items
 17722 | Lair:5   | Reached XP level 15. HP: 74/165 MP: 10/15
 18368 | Lair:6   | XOM: silly message
 18524 | Lair:6   | XOM: divination: magic mapping
 18551 | Lair:6   | XOM: harmless Ice miscast
 18876 | Lair:6   | XOM: harmless Air miscast
 18936 | Lair:6   | XOM: potion effect (might)
 18939 | Lair:6   | XOM: cast spell 'Summon Butterflies'
 18942 | Lair:6   | XOM: confusion
 18946 | Lair:6   | XOM: enchant monster (good)
 19243 | Lair:7   | XOM: mild Fire miscast
 19244 | Lair:7   | XOM: 1-stop teleportation journey
 19377 | Lair:7   | Found a viscous altar of Jiyva.
 19377 | Lair:7   | Found a staircase to the Slime Pits.
 19404 | Lair:7   | Reached skill level 21 in Maces & Flails
 19684 | Lair:7   | XOM: 1-stop teleportation journey
 19735 | Lair:7   | XOM: 1-stop teleportation journey
 19915 | Lair:7   | XOM: harmless Air miscast
 20309 | Lair:8   | Entered Level 8 of the Lair of Beasts
 20352 | Lair:8   | XOM: enchant monster (good)
 20447 | Lair:8   | XOM: enchant monster (good)
 20546 | Lair:8   | XOM: enchant monster (good)
 20647 | Lair:8   | XOM: give mutations
 20647 | Lair:8   | Gained mutation: You are partially covered in molten scales (AC +1). [Xom's mischief]
 20647 | Lair:8   | Gained mutation: Your body sometimes deteriorates upon taking damage. [Xom's mischief]
 20647 | Lair:8   | Gained mutation: You occasionally shout uncontrollably at your foes. [Xom's mischief]
 20745 | Lair:8   | XOM: god gift: scroll of teleportation
 20891 | Lair:8   | XOM: enchant monster (good)
 21070 | Lair:8   | XOM: confuse monster(s)
 21075 | Lair:8   | Reached skill level 22 in Maces & Flails
 21129 | Lair:8   | XOM: draining
 21169 | Lair:8   | XOM: divination: detect creatures
 21213 | Lair:8   | XOM: 1-stop teleportation journey
 21234 | Lair:8   | XOM: blink monster(s)
 21645 | Lair:8   | XOM: swap monsters
 21745 | Lair:8   | XOM: harmless Conj miscast
 21803 | Lair:8   | XOM: blink monster(s)
 21869 | Lair:8   | XOM: mild Air miscast
 21923 | Lair:8   | XOM: silly message
 21950 | Lair:8   | Learned a level 6 spell: Deflect Missiles
 21957 | Lair:8   | Learned a level 6 spell: Haste
 22100 | Lair:8   | XOM: harmless Air miscast
 22187 | Lair:8   | XOM: summons 2 friendly demons
 22383 | Lair:8   | XOM: silly message
 22661 | D:11     | XOM: colour smoke trail
 22699 | Orc:1    | Entered Level 1 of the Orcish Mines
 22794 | Orc:1    | Found Hennaun's Book Boutique.
 23098 | Orc:2    | HP: 37/165 [orc priest/divine providence[an orc knight] (13)]
 23099 | Orc:2    | XOM: noise
 23112 | Orc:2    | XOM: summons friendly iron imp
 23115 | Orc:2    | HP: 30/165 [orc priest/divine providence (13)]
 23607 | Orc:2    | XOM: noise
 23680 | Orc:3    | Found a roughly hewn altar of Beogh.
 23687 | Orc:3    | XOM: polymorph orc -> kobold
 23697 | Orc:3    | Reached skill level 23 in Maces & Flails
 23943 | Orc:3    | XOM: god gift: spear {god gift}
 23966 | Orc:3    | XOM: colour smoke trail
 24321 | Orc:4    | Entered Level 4 of the Orcish Mines
 24329 | Orc:4    | XOM: cast spell 'Shadow Creatures'
 24335 | Orc:4    | XOM: medium Fire miscast
 24348 | Orc:4    | XOM: harmless Summ miscast
 24349 | Orc:4    | XOM: summons friendly ufetubus
 24354 | Orc:4    | XOM: smoke on damage
 24559 | Orc:4    | Reached XP level 16. HP: 114/174 MP: 10/16
 24627 | Orc:4    | XOM: noise
 24639 | Orc:4    | XOM: harmless Ice miscast
 24663 | Orc:4    | Noticed Azrael
 24663 | Orc:4    | XOM: divination: magic mapping
 24678 | Orc:4    | XOM: enchant monster (good)
 25202 | Orc:3    | XOM: polymorph orc -> sheep
 25233 | Orc:4    | Killed Azrael
 25408 | Orc:4    | XOM: harmless Tloc miscast
 25590 | Orc:4    | XOM: enchant monster (good)
 25605 | Orc:4    | XOM: polymorph orc wizard -> adder
 25786 | Orc:4    | XOM: scenery: create altars
 25815 | Orc:4    | Found a staircase to the Elven Halls.
 25876 | Orc:4    | XOM: divination: magic mapping
 25880 | Orc:4    | XOM: summons 3 friendly demons
 25887 | Orc:4    | XOM: confusion (+ monsters)
 26068 | Orc:4    | HP: 38/174 [sixfirhy[an orc high priest] (8)]
 26069 | Orc:4    | HP: 15/174 [sixfirhy[an orc high priest] (6)]
 26074 | Orc:4    | Noticed Saint Roka
 26075 | Orc:4    | XOM: polymorph orc -> quokka
 26077 | Orc:4    | XOM: harmless Erth miscast
 26081 | Orc:4    | XOM: polymorph orc -> quokka
 26082 | Orc:4    | XOM: summons friendly white imp
 26450 | Orc:4    | Reached skill level 24 in Maces & Flails
 26525 | Orc:4    | XOM: god gift: flail {god gift}
 26544 | Orc:4    | Found a roughly hewn altar of Beogh.
 26561 | Orc:4    | XOM: noise
 26600 | Orc:4    | Found Muas's Distillery.
 26604 | Orc:4    | Found Subbuthe's Distillery.
 26664 | Orc:4    | Bought a potion of haste for 170 gold pieces
 26674 | Orc:4    | Bought a potion of heal wounds for 80 gold pieces
 26674 | Orc:4    | Bought a potion of heal wounds for 80 gold pieces
 26674 | Orc:4    | Bought a potion of agility for 64 gold pieces
 26674 | Orc:4    | Bought a potion of might for 64 gold pieces
 27026 | Orc:4    | XOM: smoke on damage
 27035 | Orc:4    | XOM: confuse monster(s)
 27037 | Orc:4    | Killed Saint Roka
 27096 | Orc:4    | XOM: summons friendly iron imp
 27109 | Orc:4    | Found Omeryl's Gadget Boutique.
 27182 | Orc:4    | Reached skill level 11 in Dodging
 27199 | Orc:4    | Found Faleby Letif's Armour Shop.
 27229 | Orc:4    | Found a roughly hewn altar of Beogh.
 27247 | Orc:4    | XOM: colour smoke trail
 27289 | Orc:4    | XOM: cast spell 'Conjure Ball Lightning'
 27290 | Orc:4    | XOM: enchant monster (good)
 27297 | Orc:4    | XOM: confuse monster(s)
 27388 | Orc:4    | XOM: colour smoke trail
 27808 | D:14     | Noticed WhatIsLove's ghost (powerful DrWr)
 27822 | D:14     | Killed WhatIsLove's ghost
 27857 | D:14     | XOM: confuse monster(s)
 27978 | D:14     | XOM: cast spell 'Summon Butterflies'
 28030 | D:14     | XOM: harmless Trmt miscast
 28466 | D:14     | XOM: harmless Fire miscast
 28499 | D:14     | XOM: potion effect (magic)
 28505 | D:14     | Reached skill level 12 in Dodging
 28665 | D:15     | Entered Level 15 of the Dungeon
 28672 | D:15     | XOM: cast spell 'Conjure Ball Lightning'
 28694 | D:15     | HP: 37/174 [ettin/dire flail (32)]
 28704 | D:15     | HP: 23/174 [centaur warrior/arrow of frost (3)]
 28706 | D:15     | Found a staircase to the Depths.
 28710 | D:15     | HP: 41/174 [deep elf knight/short sword (2)]
 28735 | D:15     | XOM: blink monster(s)
 28771 | D:15     | XOM: chaos upgrade
 28835 | D:15     | Found a sacrificial altar of Ru.
 28846 | D:15     | HP: 31/174 [something (20)]
 28847 | D:15     | Slain by an ettin

Vault maps used:
D:1:      saegor_arrival_simple_f, grunt_decor_one_mirror, minivault_24
D:2:      uniq_terence
D:3:      led_sif_book, nicolae_qazlal_eye_of_the_storm
D:4:      first_bread
D:5:      uniq_duvessa
D:6:      hangedman_abyss_or_decor_jellyfish_corner, minmay_unpleasant_kobolds,
          uniq_blork_the_orc, uniq_prince_ribbit1
D:7:      forest_paths, lemuel_coloured_pillars_altar, kennysheep_mini_moat,
          minmay_temple_entry_junction2, basic_altar, serial_shops, shop,
          uniq_crazy_yiuf_cottage
D:8:      lemuel_crystal_altar, slow_altar_1, lemuel_round_altar,
          uniq_gastronok, uniq_psyche, uniq_grum
D:10:     erik_orc_1, grunt_pizzeria, nicolae_dithmenos_the_darkroom,
          uniq_maurice
D:11:     grunt_lair_entry_elf_guard_hut, nrook_pool_corridor
D:12:     portal_ice_cave_entry_ice_beasts, serial_shops, shop, uniq_snorg,
          uniq_rupert
D:13:     lightli_vaults_fourway_checkpoint
D:14:     minmay_misc_feat_pillars
D:15:     hangedman_depths_entry_civil_slaughter, hangedman_decor_lopped,
          nicolae_ru_awakened_eye
Lair:1:   special_room, zaba_antful_of_joy, grunt_megastairs_3
Lair:3:   minmay_shoals_entry_lonely_mermaid, minivault_23, serial_bayou_pond_d,
          serial_bayou_crossing
Lair:4:   guppyfry_lair_drakes
Lair:5:   beast_lair_carwin_large_3, minivault_23, lemuel_fruit_fields
Lair:6:   st_stairs_3, small_statue_intersection
Lair:7:   slime_altar_1
Lair:8:   hangedman_lair_tendril_chambers
Orc:1:    nicolae_orc_accident_3, serial_shops, shop, uniq_erolcha
Orc:2:    orc_temple
Orc:3:    basic_altar, nicolae_orc_pool_cavern
Orc:4:    pubby_orc_utopia, uniq_azrael
IceCv:    ice_cave_caverns_03

Action                   |  1- 3 |  4- 6 |  7- 9 | 10-12 | 13-15 | 16-18 || total
-------------------------+-------+-------+-------+-------+-------+-------++-------
Melee: Mace              |    48 |   264 |    29 |       |       |       ||   341
       Giant club        |       |       |    28 |       |  1138 |   676 ||  1842
       Giant spiked club |       |       |   110 |   480 |   241 |       ||   831
       Hammer            |       |       |       |   184 |       |       ||   184
 Fire: Blowgun           |       |     3 |    15 |     7 |       |       ||    25
 Abil: Spit Poison       |       |       |       |       |     1 |       ||     1
Evoke: Wand              |       |     2 |       |       |     1 |       ||     3
       Sack of spiders   |       |       |       |       |     5 |       ||     5
  Use: Scroll            |     1 |     6 |     3 |    14 |    15 |     5 ||    44
       Potion            |       |     1 |     3 |     2 |     2 |    14 ||    22
 Stab: Paralysed         |       |     3 |       |     2 |    15 |     4 ||    24
       Petrified         |       |     1 |       |       |     1 |       ||     2
       Confused          |       |       |     1 |     2 |     8 |     3 ||    14
       Invisible         |       |       |       |     9 |       |     2 ||    11
       Petrifying        |       |       |       |       |     2 |     2 ||     4
       Distracted        |       |       |       |       |     1 |       ||     1
  Eat: Chunk             |       |    15 |     8 |     6 |    29 |    12 ||    70
       Meat ration       |       |       |       |     1 |       |       ||     1
       Beef jerky        |       |       |       |     4 |     2 |       ||     6
       Pizza             |       |       |       |       |    11 |       ||    11

Vault maps used:
D:1:      saegor_arrival_simple_f, grunt_decor_one_mirror, minivault_24
D:2:      uniq_terence
D:3:      led_sif_book, nicolae_qazlal_eye_of_the_storm
D:4:      first_bread
D:5:      uniq_duvessa
D:6:      hangedman_abyss_or_decor_jellyfish_corner, minmay_unpleasant_kobolds,
          uniq_blork_the_orc, uniq_prince_ribbit1
D:7:      forest_paths, lemuel_coloured_pillars_altar, kennysheep_mini_moat,
          minmay_temple_entry_junction2, basic_altar, serial_shops, shop,
          uniq_crazy_yiuf_cottage
D:8:      lemuel_crystal_altar, slow_altar_1, lemuel_round_altar,
          uniq_gastronok, uniq_psyche, uniq_grum
D:10:     erik_orc_1, grunt_pizzeria, nicolae_dithmenos_the_darkroom,
          uniq_maurice
D:11:     grunt_lair_entry_elf_guard_hut, nrook_pool_corridor
D:12:     portal_ice_cave_entry_ice_beasts, serial_shops, shop, uniq_snorg,
          uniq_rupert
D:13:     lightli_vaults_fourway_checkpoint
D:14:     minmay_misc_feat_pillars
D:15:     hangedman_depths_entry_civil_slaughter, hangedman_decor_lopped,
          nicolae_ru_awakened_eye
Lair:1:   special_room, zaba_antful_of_joy, grunt_megastairs_3
Lair:3:   minmay_shoals_entry_lonely_mermaid, minivault_23, serial_bayou_pond_d,
          serial_bayou_crossing
Lair:4:   guppyfry_lair_drakes
Lair:5:   beast_lair_carwin_large_3, minivault_23, lemuel_fruit_fields
Lair:6:   st_stairs_3, small_statue_intersection
Lair:7:   slime_altar_1
Lair:8:   hangedman_lair_tendril_chambers
Orc:1:    nicolae_orc_accident_3, serial_shops, shop, uniq_erolcha
Orc:2:    orc_temple
Orc:3:    basic_altar, nicolae_orc_pool_cavern
Orc:4:    pubby_orc_utopia, uniq_azrael
IceCv:    ice_cave_caverns_03

Table legend:
 A = Turns spent in this place as a percentage of turns spent in the entire game.
 B = Non-inter-level travel turns spent in this place as a percentage of non-inter-level travel turns spent in the entire game.
 C = Inter-level travel turns spent in this place as a percentage of turns spent in this place.
 D = Turns resting spent in this place as a percentage of non-inter-level travel turns spent in this place.
 E = Turns spent auto-exploring this place as a percentage of non-inter-level travel turns spent in this place.
 F = Non-inter-level travel turns spent in this place divided by the number of levels of this place that you've seen.
                   A       B       C       D       E      F
               +-------+-------+-------+-------+-------+----------------------
         Total | 100.0 | 100.0 |   0.5 |   1.6 |   8.6 | 399.0
       Dungeon |  50.7 |  50.6 |   0.6 |   1.5 |   9.0 | 377.0
          Lair |  24.4 |  24.4 |   0.4 |   1.5 |   8.8 | 340.6
  Orcish Mines |  21.1 |  21.1 |   0.3 |   1.3 |   8.8 | 590.2
      Ice Cave |   3.8 |   3.9 |   0.0 |   3.9 |   2.1 | 431.0
               +-------+-------+-------+-------+-------+----------------------

Table legend:
 A = Kills in this place as a percentage of kills in entire the game.
 B = Kills by you in this place as a percentage of kills by you in the entire game.
 C = Kills by friends in this place as a percentage of kills by friends in the entire game.
 D = Other kills in this place as a percentage of other kills in the entire game.
 E = Experience gained in this place as a percentage of experience gained in the entire game.
 F = Experience gained in this place divided by the number of levels of this place that you have seen.
                   A       B       C       D       E      F
               +-------+-------+-------+-------+-------+----------------------
         Total | 100.0 | 100.0 | 100.0 | 100.0 | 100.0 | 6203.6
       Dungeon |  44.3 |  44.1 |  54.5 |   0.0 |  36.2 | 4196.0
          Lair |  22.8 |  22.9 |  13.6 | 100.0 |  38.5 | 8366.5
  Orcish Mines |  30.3 |  30.3 |  31.8 |   0.0 |  20.2 | 8783.0
      Ice Cave |   2.6 |   2.6 |   0.0 |   0.0 |   5.0 | 8697.0
               +-------+-------+-------+-------+-------+----------------------
